Map: Eternal Empire LE

Players

Aang - Winner!

  • Race: Terran Terran
  • Spawn Location: 1:00

UlaS - Winner!

  • Race: Terran Terran
  • League: Diamond
  • Spawn Location: 7:00

Cheater 2 (Insane)

  • Race: Terran Terran

VOD

Have the link to the VOD?

Description

Time

  • Played on: Dec. 11, 2019, 1:23 p.m.
  • Length: 17:33
Show
View Real Time Build Order
Export as new Build Order

Aang Terran - Winner!

Build Orders: Gas First Reaper Expand, Mech 

Get SALT Encoding   

  12  0:01  SCV  
  13  0:13  SCV  
  14  0:22  Supply Depot  
  14  0:26  SCV  
  15  0:33  Refinery  
  15  0:43  SCV  
  15  0:49  Barracks  
  16  0:55  SCV  
  17  1:07  SCV  
  18  1:19  SCV  
  19  1:36  Orbital Command  
  19  1:37  Reaper  
  20  1:53  Command Center  
  19  2:02  SCV  
  19  2:05  Factory  
  20  2:11  Barracks Reactor  
  20  2:14  SCV  
  21  2:21  Supply Depot  
  21  2:24  Refinery  
  21  2:26  SCV  
  22  2:38  SCV  
  23  2:51  SCV  
  23  2:52  Starport  
  23  2:57  Hellion x2  
  28  3:04  SCV  
  28  3:05  Barracks Tech Lab  
  29  3:06  Orbital Command  
  28  3:18  SCV  
  31  3:20  Hellion  
  31  3:22  Hellion  
  33  3:30  SCV  
  34  3:34  SCV  
  34  3:36  Fusion Core  
  35  3:45  SCV  
  35  3:47  SCV  
  37  3:48  Viking  
  39  3:57  Supply Depot  
  39  3:58  SCV  
  39  4:00  Supply Depot  
  39  4:01  SCV  
  41  4:11  SCV  
  41  4:13  SCV  
  45  4:23  SCV  
  48  4:26  SCV  
  48  4:27  Supply Depot  
  48  4:29  Supply Depot  
  49  4:34  Battlecruiser  
  49  4:37  SCV  
  52  4:39  SCV  
  53  4:50  Command Center, SCV  
  54  4:53  SCV  
  54  4:55  Refinery x2  
  59  5:00  Hellion x2  
  59  5:03  SCV  
  59  5:05  SCV  
  59  5:06  Weapon Refit  
  61  5:15  SCV  
  61  5:17  SCV  
  63  5:27  SCV  
  64  5:29  Hellion, SCV  
  64  5:30  Hellion  
  69  5:38  Factory  
  69  5:39  SCV, Factory  
  70  5:48  SCV  
  71  5:51  SCV  
  72  5:59  Hellion x2  
  72  6:00  SCV  
  72  6:02  Battlecruiser  
  83  6:16  Orbital Command  
  83  6:20  Supply Depot x2  
  83  6:21  Hellion x2, Supply Depot  
  83  6:22  SCV  
  83  6:23  SCV  
  83  6:24  Factory Tech Lab x2  
  89  6:29  Armory x2  
  89  6:35  SCV, Orbital Command  
  89  6:37  SCV  
  91  6:47  Siege Tank x2, Hellion, SCV  
  91  6:48  Hellion  
  91  6:51  SCV  
  103  7:00  SCV  
  104  7:11  SCV x2  
  104  7:12  SCV  
  104  7:14  Hellion x2  
  111  7:16  Refinery, Battlecruiser  
  111  7:18  Refinery  
  117  7:44  Supply Depot x2  
  117  7:47  Engineering Bay  
  117  8:00  Terran Vehicle Weapons Level 1, Factory, Terran Vehicle And Ship Armor Level 1  
  117  8:01  Factory  
  117  8:06  Siege Tank x2, Hellion x2, SCV x3  
  117  8:10  Smart Servos  
  130  8:17  Supply Depot x2  
  130  8:18  SCV x3  
  133  8:24  Command Center  
  133  8:38  SCV x3  
  133  8:39  Hellion x2  
  140  8:41  Supply Depot  
  140  8:42  Supply Depot  
  140  8:47  Factory Tech Lab  
  140  8:48  Factory Reactor  
  140  8:49  Siege Tank x2  
  140  8:50  SCV x3  
  149  9:03  SCV x3  
  149  9:10  Siege Tank, Hellion x2  
  149  9:15  SCV x2  
  108  9:28  Siege Tank x2, Battlecruiser  
  108  9:29  Hellion x2  
  124  9:32  Hellion  
  124  9:33  Hellion  
  128  9:42  Siege Tank  
  128  9:44  SCV x2  
  133  9:51  Supply Depot  
  133  9:54  Hellion x2  
  133  9:55  Refinery, Command Center, Hellion, Infernal Pre-Igniter  
  133  9:57  SCV x2  
  133  9:58  Refinery  
  141  10:00  Siege Tank  
  141  10:01  SCV  
  141  10:03  Siege Tank  
  148  10:18  Siege Tank, Hellion x4  
  148  10:19  SCV  
  160  10:31  SCV  
  160  10:32  Terran Vehicle Weapons Level 2, SCV x2  
  163  10:36  Terran Vehicle And Ship Armor Level 2  
  163  10:43  SCV  
  163  10:44  SCV x2  
  166  10:50  Siege Tank x2  
  172  10:59  Siege Tank, Hellion  
  172  11:02  Supply Depot  
  177  11:11  Planetary Fortress  
  177  11:21  Hellion x3  
  177  11:22  Siege Tank  
  177  11:23  Siege Tank  
  192  11:32  Siege Tank  
  165  11:58  Siege Tank x2  
  165  11:59  Hellion x4  
  159  12:03  Factory  
  159  12:05  Hellion, Factory  
  159  12:06  Factory  
  155  12:09  Battlecruiser  
  155  12:10  SCV x3  
  164  12:24  SCV, Hellion x4  
  164  12:25  SCV  
  164  12:26  Siege Tank  
  177  12:31  Hellion  
  177  12:36  Command Center  
  179  12:38  Command Center  
  179  12:39  Unknown  
  179  12:41  Command Center  
  177  12:53  Factory Tech Lab x3  
  177  12:54  Hellion x3  
  177  12:55  Hellion  
  185  13:09  Siege Tank x2  
  191  13:14  Command Center  
  191  13:30  Siege Tank x3  
  191  13:31  Hellion  
  200  13:46  Missile Turret  
  200  13:50  Missile Turret  
  200  13:52  Terran Vehicle And Ship Armor Level 3, Terran Vehicle Weapons Level 3  
  200  13:57  Orbital Command x2  
  200  13:58  Planetary Fortress  
  200  14:27  Siege Tank  
  200  14:28  SCV  
  193  14:43  Siege Tank x2  
  198  15:11  Thor  
  179  15:26  Siege Tank x2  
  179  15:27  Hellion x2  
  185  15:28  Thor  
  185  15:29  Thor  
  185  15:32  Refinery  
  185  15:33  Command Center  
  197  15:36  Refinery  
  195  15:55  Siege Tank  
  195  15:56  Hellion  
  200  16:04  Orbital Command  
  200  16:09  Missile Turret  
  200  16:17  Missile Turret  
  200  16:20  Missile Turret  
  200  16:53  Orbital Command  
Show
View Real Time Build Order
Export as new Build Order

UlaS Terran - Winner!

Build Orders:  

Get SALT Encoding   

  12  0:00  SCV  
  13  0:13  SCV  
  14  0:18  Supply Depot  
  14  0:25  Refinery, SCV  
  15  0:40  SCV  
  16  0:45  Barracks  
  16  0:52  SCV  
  17  1:04  SCV  
  18  1:16  SCV  
  19  1:24  Supply Depot  
  19  1:32  Marine  
  19  1:34  Barracks  
  19  1:36  Orbital Command, Factory  
  20  1:45  Refinery  
  20  1:50  Marine  
  21  1:58  Supply Depot  
  22  2:01  SCV  
  22  2:08  Marine  
  22  2:13  SCV  
  24  2:20  Factory Tech Lab  
  24  2:21  Marine  
  25  2:25  SCV  
  25  2:26  Marine  
  27  2:32  Supply Depot  
  27  2:37  SCV  
  27  2:38  Marine  
  27  2:39  Siege Tank  
  27  2:44  Marine  
  32  2:49  SCV  
  34  2:57  Barracks Tech Lab  
  34  3:03  Barracks Tech Lab  
  33  3:12  Hellion  
  35  3:15  Marine  
  35  3:16  Concussive Shells  
  36  3:21  Marauder  
  38  3:30  Supply Depot  
  38  3:33  Marauder, Hellion  
  42  3:38  Barracks  
  42  3:40  Starport  
  42  3:43  Marauder  
  44  3:49  SCV  
  44  3:50  Stimpack  
  44  3:54  Marauder, Hellion  
  49  3:59  Combat Shield  
  49  4:01  SCV  
  50  4:03  Marine  
  51  4:12  Engineering Bay  
  51  4:13  SCV  
  51  4:16  Marauder  
  54  4:26  Supply Depot  
  54  4:40  Missile Turret, Terran Infantry Weapons Level 1  
  54  4:41  Missile Turret  
  54  4:46  Barracks Reactor, Engineering Bay  
  54  4:48  Medivac, Command Center  
  56  4:57  Marine, Supply Depot  
  57  5:03  Marauder  
  59  5:12  Terran Infantry Armor Level 1  
  59  5:15  Marine  
  59  5:18  Medivac  
  59  5:20  Supply Depot  
  62  5:24  Marine  
  62  5:26  Marine  
  62  5:27  Marine  
  62  5:28  Barracks  
  65  5:34  Marauder  
  67  5:42  Marauder  
  69  5:43  Marine  
  69  5:49  Starport Reactor, SCV, Supply Depot  
  64  5:59  Marine  
  64  6:00  SCV  
  64  6:01  SCV  
  65  6:12  SCV  
  65  6:13  Marine, SCV  
  66  6:18  Marine  
  66  6:24  SCV  
  66  6:25  SCV, Viking x2  
  73  6:30  Marine  
  73  6:35  Marine  
  73  6:36  Marine, SCV  
  73  6:37  Marauder, SCV, Marine  
  80  6:46  Command Center  
  80  6:48  Marine, SCV  
  80  6:54  Marauder  
  84  6:55  SCV, Viking  
  84  6:59  Marauder  
  84  7:00  SCV  
  89  7:05  Supply Depot  
  89  7:07  SCV  
  90  7:12  SCV  
  90  7:15  Marauder  
  93  7:18  Viking  
  93  7:19  SCV  
  96  7:24  SCV  
  96  7:25  Viking, Armory  
  96  7:29  Command Center  
  93  7:41  SCV  
  93  7:43  SCV  
  88  7:45  Marine  
  88  7:46  Marine  
  88  7:48  Marine, Viking  
  88  7:50  Marine  
  91  7:53  SCV  
  91  7:55  SCV  
  93  8:02  Marine, Viking  
  93  8:04  Marine x2  
  93  8:05  SCV, Supply Depot  
  98  8:06  Marine  
  98  8:07  SCV  
  101  8:12  Command Center  
  101  8:18  SCV, Viking  
  104  8:20  Terran Infantry Weapons Level 2  
  104  8:21  SCV  
  105  8:30  Supply Depot  
  105  8:32  Viking  
  107  8:34  Orbital Command  
  107  8:38  Missile Turret  
  107  8:40  Missile Turret  
  107  8:41  Siege Tank  
  107  8:44  Liberator  
  107  8:48  Viking  
  112  8:55  Supply Depot  
  112  9:00  Liberator  
  112  9:02  Terran Ship Weapons Level 1  
  115  9:06  Refinery  
  115  9:09  Marine  
  112  9:10  Marine x2  
  112  9:11  Refinery  
  112  9:12  Marine, Armory  
  112  9:13  Siege Tank, Marine  
  112  9:19  Supply Depot  
  104  9:25  Missile Turret, SCV x2  
  104  9:26  SCV  
  104  9:27  Liberator, Marine  
  104  9:28  Marine x2  
  104  9:30  Marine  
  107  9:31  Marine  
  107  9:37  SCV  
  107  9:38  SCV x2  
  106  9:45  Siege Tank, Marine  
  98  9:46  Marauder, Marine  
  98  9:49  Marine, SCV  
  98  9:50  SCV  
  98  9:52  SCV  
  96  9:55  Marine  
  96  9:56  Refinery, Command Center  
  97  10:00  Viking  
  97  10:01  SCV  
  97  10:02  SCV  
  97  10:04  Marauder, SCV  
  104  10:07  Marauder  
  104  10:13  Liberator, SCV, Marine  
  108  10:14  SCV  
  108  10:16  SCV  
  108  10:19  Marine  
  111  10:25  Marine, SCV, Marauder  
  111  10:26  Missile Turret  
  111  10:27  SCV, Viking  
  118  10:28  Missile Turret, SCV  
  118  10:29  Marauder  
  124  10:37  SCV  
  124  10:38  Siege Tank  
  124  10:39  SCV, Supply Depot  
  124  10:40  Liberator, SCV  
  130  10:46  Terran Infantry Weapons Level 3, Marauder  
  130  10:48  Marine x2  
  130  10:49  SCV  
  135  10:50  Marine, Marauder  
  135  10:51  SCV  
  135  10:53  SCV  
  135  10:55  Refinery  
  140  11:01  SCV  
  140  11:03  SCV, Supply Depot  
  145  11:05  SCV  
  145  11:06  Terran Infantry Armor Level 2  
  145  11:07  Missile Turret  
  145  11:08  Marauder  
  145  11:09  Missile Turret, SCV  
  145  11:10  Siege Tank  
  152  11:12  Marauder  
  152  11:13  Viking  
  152  11:14  SCV  
  152  11:15  SCV  
  158  11:23  Missile Turret, Liberator, Orbital Command  
  158  11:24  Missile Turret  
  158  11:25  Refinery  
  158  11:28  Missile Turret  
  158  11:29  Marauder  
  160  11:33  Marauder  
  160  11:34  Refinery  
  160  11:36  Supply Depot  
  162  11:40  Fusion Core  
  162  11:42  Siege Tank  
  162  11:43  Viking  
  170  11:49  Missile Turret  
  170  11:51  Marine x3  
  170  11:52  Marine  
  132  11:54  Marine  
  114  12:03  SCV  
  114  12:05  SCV  
  114  12:06  SCV  
  114  12:08  SCV  
  103  12:09  Marine x3  
  103  12:10  Marine  
  103  12:12  Marauder  
  103  12:13  Viking  
  103  12:14  Siege Tank  
  103  12:15  Command Center, SCV  
  107  12:18  SCV x2  
  107  12:20  SCV  
  100  12:23  Viking  
  100  12:27  Marine, SCV, Factory  
  100  12:29  Marine x3  
  106  12:30  SCV x2  
  106  12:32  SCV  
  106  12:33  Starport  
  106  12:34  Marauder  
  106  12:36  Liberator  
  110  12:39  SCV  
  110  12:42  SCV x2  
  110  12:43  Medivac, Barracks  
  105  12:45  Marauder  
  105  12:46  Siege Tank  
  105  12:47  Marine x2  
  98  12:52  Marine, Liberator  
  98  12:53  Refinery  
  98  12:55  Marauder  
  98  12:58  SCV  
  104  13:01  SCV  
  104  13:02  SCV  
  104  13:04  Marine  
  105  13:06  Marauder  
  105  13:10  SCV  
  105  13:11  Widow Mine  
  104  13:13  Medivac, SCV  
  104  13:14  SCV, Factory  
  104  13:16  Marauder  
  104  13:18  Siege Tank  
  102  13:22  SCV  
  102  13:25  SCV  
  102  13:26  Planetary Fortress, SCV  
  103  13:28  Marauder  
  103  13:32  Widow Mine  
  107  13:34  SCV  
  107  13:35  Liberator  
  107  13:36  Viking  
  107  13:37  SCV  
  107  13:38  Marauder, SCV  
  114  13:42  Missile Turret  
  114  13:43  Viking  
  114  13:44  Command Center  
  114  13:46  SCV  
  117  13:48  Refinery  
  117  13:49  Marauder, SCV  
  117  13:50  Missile Turret  
  117  13:51  Siege Tank, SCV  
  117  13:52  Missile Turret  
  117  13:53  Hellion  
  129  13:56  Liberator  
  129  13:58  SCV, Hellion  
  129  13:59  Marauder  
  129  14:01  SCV  
  135  14:03  SCV  
  135  14:04  SCV  
  135  14:06  Viking  
  139  14:11  SCV  
  139  14:13  SCV  
  139  14:15  Factory Tech Lab  
  139  14:16  SCV x2  
  143  14:17  Liberator  
  143  14:18  Liberator  
  143  14:19  Hellion, Supply Depot  
  143  14:23  Siege Tank, SCV  
  146  14:25  SCV  
  146  14:26  Marauder  
  146  14:27  Marine, Marauder  
  146  14:28  Marine  
  146  14:29  Marine  
  146  14:30  Marine, SCV  
  125  14:33  Missile Turret, Siege Tank  
  125  14:35  SCV  
  125  14:38  SCV  
  124  14:41  Hellion  
  124  14:42  SCV  
  124  14:45  Marine  
  120  14:47  Marine, SCV, Marauder  
  120  14:48  Marine x2  
  120  14:49  Marauder  
  120  14:50  SCV  
  125  14:55  Siege Tank, SCV  
  125  14:56  SCV, Viking  
  125  14:59  Refinery, SCV  
  122  15:01  Refinery, Liberator  
  122  15:02  SCV  
  122  15:03  Marine  
  122  15:05  Marine, Hellion  
  122  15:06  Marine  
  112  15:07  SCV  
  112  15:08  Marauder, SCV  
  112  15:10  Marauder  
  112  15:11  SCV  
  95  15:17  Viking  
  95  15:21  Marine  
  89  15:23  Marine, SCV  
  89  15:26  Viking  
  89  15:27  Siege Tank x2, Marine  
  80  15:30  Marauder, Liberator  
  80  15:31  Marauder, SCV  
  73  15:35  SCV  
  73  15:39  Marine  
  73  15:42  Marine  
  57  15:44  SCV  
  57  15:45  Marine  
  57  15:47  SCV  
  58  15:56  Command Center  
  48  15:57  Marine, SCV  
  48  15:59  Siege Tank, Marine x2, SCV  
  42  16:13  SCV  
  42  16:14  Marine  
  42  16:15  SCV  
  42  16:17  Marauder  
  26  16:25  SCV  
  26  16:28  SCV  
  26  16:31  Siege Tank  
  33  16:37  SCV  
  29  16:40  SCV  
  20  16:52  SCV  
  20  17:02  Command Center  
  20  17:04  SCV  
  20  17:08  SCV  
  20  17:16  SCV  
  20  17:20  SCV  
  22  17:23  Refinery  
Show
View Real Time Build Order
Export as new Build Order

Cheater 2 (Insane) Terran 

Build Orders:  

Get SALT Encoding   

Tags
 
Add a new tag
Caveats
  • Supply blocks, unpowered buildings, or Contaminate may cause inaccurate times.
  • Supply counts are checked every 10 seconds.